 Dungeon Sprint DCSS version 0.31-a0-1074-g0b22e4e0f1 (webtiles) character file.

Game seed: 1654497285547366391

1293 tbh1313 the Bludgeoner (level 8, -8/124 HPs)
             Began as an Ogre Berserker on Nov 28, 2023.
             Was a Priest of Trog.
             Mangled by a demonic crawler (17 damage)
             ... in the Dungeon (Sprint I: "Red Sonja").
             The game lasted 00:02:31 (638 turns).

tbh1313 the Bludgeoner (Ogre Berserker)              Turns: 638, Time: 00:02:32

Health: -8/124     AC:  5    Str: 24    XL:     8   Next: 56%
Magic:  8/8        EV: 11    Int:  8    God:    Trog [***...]
Gold:   320        SH:  0    Dex:  8    Spells: 7/7 levels left

rFire   + . .        j - +0 giant club
rCold   . . .        (shield currently unavailable)
rNeg    . . .        k - +2 robe {rF+}
rPois   .            (helmet restricted)
rElec   .            (no cloak)
rCorr   .            (gloves unavailable)
SInv    .            (boots unavailable)
Will    .....        (no amulet) Stlth
                     (no ring)
HPRegen 0.40/turn    (no ring)
MPRegen 0.11/turn

%: no teleportation
@: berserking, very quick
A: large, unfitting armour, tough skin 1
a: Renounce Religion, Berserk, Trog's Hand


You were in the Dungeon.
You worshipped Trog.
Trog was most pleased with you.
You visited 1 branch You collected 405 gold pieces.
You spent 85 gold pieces at shops.

Inventory:

Hand Weapons
 j - a +0 giant club (weapon)
Armour
 k - a +2 robe of fire resistance (worn)
Wands
 i - a wand of iceblast (6)
Scrolls
 a - a scroll of torment {unknown}
 h - a scroll of blinking
Potions
 c - a potion of curing
 d - a potion of heal wounds
 e - a potion of haste
 f - 2 potions of magic
 g - a potion of berserk rage


   Skills:
 - Level 6.0 Fighting
 + Level 15.7 Maces & Flails
 - Level 6.0 Dodging


You had 7 spell levels left.
You didn't know any spells.
Your spell library was empty.

Dungeon Overview and Level Annotations

Branches:
Dungeon (1/1)

Altars:
Cheibriados
Dithmenos
Elyvilon
Fedhas
Gozag
Hepliaklqana
Kikubaaqudgha
Makhleb
Nemelex Xobeh
Okawaru
Qazlal
Ru
Sif Muna
Trog
Uskayaw
Vehumet
Wu Jian
Xom
Yredelemnul
Zin
The Shining One
Jiyva
Lugonu

Shops:
D [


Innate Abilities, Weirdness & Mutations

You are too large for most types of armour.
You have tough skin. (AC +1)


Message History

You fail to use your ability.
You fail to use your ability.
You fail to use your ability.
Your ogre goes berserk!
You can no longer call in reinforcements.
You open the door. 4 demonic crawlers come into view.
The demonic crawler gives a hideous shriek! x3
You barely miss the demonic crawler. The demonic crawler hits your ogre!
The demonic crawler hits your ogre!! The demonic crawler hits your ogre!
Your ogre dies!
Your ogre's corpse disappears in a puff of smoke!
A red film seems to cover your vision as you go berserk!
You feel yourself moving faster!
You feel mighty! The demonic crawler hits you! The demonic crawler hits you.
The demonic crawler hits you! x2
The demonic crawler hits you. The demonic crawler closely misses you.
You sock the demonic crawler!
The demonic crawler is lightly wounded.
You bludgeon the demonic crawler!!
The demonic crawler is heavily wounded.
The demonic crawler hits you!
The demonic crawler hits you but does no damage.
The demonic crawler hits you!
You bludgeon the demonic crawler!!
The demonic crawler is almost dead.
You hit the demonic crawler.
The demonic crawler is lightly wounded.
The demonic crawler hits you! The demonic crawler hits you.
The demonic crawler hits you but does no damage.
You barely miss the demonic crawler.
The demonic crawler is severely wounded.
The demonic crawler hits you!
* * * LOW HITPOINT WARNING * * *
The demonic crawler hits you.
* * * LOW HITPOINT WARNING * * *
The demonic crawler hits you!
* * * LOW HITPOINT WARNING * * *
The demonic crawler completely misses you.
The demonic crawler hits you!
You die...

##################
.#.)'..#__#..')..#
.'..#..'..'..#).s##+#
'#####'#__####..@ss.#
.#...#.#### #####s.+
##..##[# ## _##'#_.+
..'..._# _##_.#'#
_###+#%# ## ###


You could see 4 demonic crawlers.

Levels and vault maps discovered:
D:        dungeon_sprint_1 [red_sonja_temple_1, red_sonja_temple_small_1]

Notes
Turn   | Place    | Note
-------+----------+-------------------------------------------
     0 | D        | tbh1313 the Ogre Berserker began the quest for the Orb.
     0 | D        | Reached XP level 1. HP: 24/24 MP: 1/1
     1 | D        | Noticed Ijyb
    15 | D        | Killed Ijyb
    16 | D        | Reached skill level 5 in Maces & Flails
    16 | D        | Reached XP level 2. HP: 25/32 MP: 2/2
    16 | D        | Reached XP level 3. HP: 30/39 MP: 3/3
    61 | D        | Noticed an ogre
    69 | D        | Killed an ogre
    70 | D        | Reached skill level 8 in Maces & Flails
    70 | D        | Reached XP level 4. HP: 13/48 MP: 4/4
   206 | D        | Noticed Sigmund
   218 | D        | Killed Sigmund
   218 | D        | Reached ** piety under Trog
   219 | D        | Reached skill level 11 in Maces & Flails
   219 | D        | Reached XP level 5. HP: 54/54 MP: 5/5
   219 | D        | Reached XP level 6. HP: 62/62 MP: 6/6
   261 | D        | Found an ornate altar of the Wu Jian Council.
   261 | D        | Found a shimmering blue altar of Sif Muna.
   263 | D        | Found a radiant altar of Vehumet.
   266 | D        | Reached skill level 12 in Maces & Flails
   273 | D        | Found Doywunn's Antique Armour Emporium.
   273 | D        | Found an ancient bone altar of Kikubaaqudgha.
   273 | D        | Found a hazy altar of Hepliaklqana.
   273 | D        | Found a stormy altar of Qazlal.
   273 | D        | Found a hide-covered altar of Uskayaw.
   273 | D        | Found a blossoming altar of Fedhas.
   273 | D        | Found a bloodstained altar of Trog.
   273 | D        | Found an iron altar of Okawaru.
   273 | D        | Found a basalt altar of Yredelemnul.
   273 | D        | Found a glowing golden altar of the Shining One.
   273 | D        | Found a snail-covered altar of Cheibriados.
   273 | D        | Found a sacrificial altar of Ru.
   273 | D        | Found a glowing silver altar of Zin.
   273 | D        | Found a shadowy altar of Dithmenos.
   273 | D        | Found a white marble altar of Elyvilon.
   273 | D        | Noticed a yak
   284 | D        | Killed a yak
   285 | D        | Reached skill level 13 in Maces & Flails
   414 | D        | Found an opulent altar of Gozag.
   415 | D        | Found a sparkling altar of Nemelex Xobeh.
   419 | D        | Bought a runed robe for 85 gold pieces
   460 | D        | Found a viscous altar of Jiyva.
   460 | D        | Found a corrupted altar of Lugonu.
   460 | D        | Noticed a slime creature
   461 | D        | Found a burning altar of Makhleb.
   461 | D        | Found a shimmering altar of Xom.
   468 | D        | Killed a slime creature
   469 | D        | Reached skill level 14 in Maces & Flails
   469 | D        | Reached XP level 7. HP: 45/75 MP: 7/7
   577 | D        | Noticed a kobold demonologist
   577 | D        | Noticed a glass eye
   577 | D        | Noticed a kobold demonologist
   581 | D        | Killed a glass eye
   581 | D        | Reached *** piety under Trog
   587 | D        | Killed a kobold demonologist
   588 | D        | Reached skill level 15 in Maces & Flails
   588 | D        | Reached XP level 8. HP: 83/83 MP: 8/8
   595 | D        | Killed a kobold demonologist
   595 | D        | Reached **** piety under Trog
   631 | D        | Noticed a demonic crawler
   631 | D        | Noticed a demonic crawler
   631 | D        | Noticed a demonic crawler
   631 | D        | Noticed a demonic crawler
   638 | D        | HP: 9/124 [demonic crawler (12)]
   638 | D        | Mangled by a demonic crawler

Table legend: (Time is in decaauts)
 A = Elapsed time spent in this place.
 B = Non-inter-level travel time spent in this place.
 C = Inter-level travel time spent in this place.
 D = Time resting spent in this place.
 E = Time spent auto-exploring this place.
 F = Levels seen in this place.
 G = Mean time per level.
                   A        B        C        D        E       F      G
               +--------+--------+--------+--------+--------+-----+--------+
         Total |    665 |    665 |      0 |    486 |      0 |   1 |  665.0 |
       Dungeon |    665 |    665 |      0 |    486 |      0 |   1 |  665.0 |
               +--------+--------+--------+--------+--------+-----+--------+

Top non-repeatable levels by time:
       D: 665 daAuts

Table legend:
 A = Kills in this place as a percentage of kills in the entire game.
 B = Kills by you in this place as a percentage of kills by you in the entire game.
 C = Kills by friends in this place as a percentage of kills by friends in the entire game.
 D = Other kills in this place as a percentage of other kills in the entire game.
 E = Experience gained in this place as a percentage of experience gained in the entire game.
 F = Experience gained in this place divided by the number of levels of this place that you have seen.
                   A       B       C       D       E      F
               +-------+-------+-------+-------+-------+----------------------
         Total | 100.0 | 100.0 |   N/A |   N/A | 100.0 | 1848.0
       Dungeon | 100.0 | 100.0 |   N/A |   N/A | 100.0 | 1848.0
               +-------+-------+-------+-------+-------+----------------------

Action                     |  1- 3 |  4- 6 |  7- 9 || total
---------------------------+-------+-------+-------++-------
  Melee: Mace              |    17 |     9 |       ||    26
         Giant club        |       |    19 |    21 ||    40
 Invoke: Berserk           |     2 |     1 |     2 ||     5
         Trog's Hand       |       |       |     1 ||     1
         Brothers in Arms  |       |       |     1 ||     1
 Armour: Animal skin       |    10 |     6 |       ||    16
         Robe              |       |     3 |    22 ||    25
  Dodge: Dodged            |     6 |    12 |     9 ||    27

Vanquished Creatures
  2 kobold demonologists (D)
  A glass eye (D)
  A slime creature (D)
  Sigmund (D)
  A yak (D)
  An ogre (D)
  A jelly (D)
  Ijyb (D)
9 creatures vanquished.
